 Dungeon Crawl Stone Soup version 0.23.2-1-ga50397a6bc (webtiles) character file.

Game seed: 118836685750575758

67 Sondor the Skirmisher (level 4, -14/35 HPs)
             Began as a Demonspawn Chaos Knight on May 25, 2019.
             Was a Plaything of Xom.
             Demolished by a salamander (glowing shapeshifter) (20 damage)
             ... on level 2 of the Dungeon.
             The game lasted 00:02:43 (1632 turns).

Sondor the Skirmisher (Demonspawn Chaos Knight)     Turns: 1632, Time: 00:02:44

Health: -14/35     AC:  5    Str: 12 (13) XL:     4   Next: 0%
Magic:  0/4        EV: 11    Int: 11 (14) God:    Xom [.....*]
Gold:   42         SH:  4    Dex:  9 (12) Spells: 3/3 levels left

rFire    x . .     SeeInvis .   a - +0 falchion (chaos)
rCold    + . .     Gourm    +   (no shield)
rNeg     . . .     Faith    .   b - +2 leather armour
rPois    .         Spirit   +   (no helmet)
rElec    .         Reflect  .   (no cloak)
rCorr    .         Harm     .   (no gloves)
MR       .....                  (no boots)
Stlth    ..........             l - amulet of the gourmand
HPRegen  0.11/turn              o - ring of attention (curse)
MPRegen  0.09/turn              j - ring of ice

@: no status effects
A: large bone plates 1, magic shield
a: Renounce Religion


You were on level 2 of the Dungeon.
You worshipped Xom.
You were Xom's teddy bear.
You were not hungry.

You visited 1 branch of the dungeon, and saw 2 of its levels.

You collected 42 gold pieces.

Inventory:

Hand Weapons
 a - a +0 falchion of chaos (weapon)
Armour
 b - a +2 leather armour (worn)
Jewellery
 h - a +3 ring of intelligence {unknown}
 j - a ring of ice (right hand)
 l - an amulet of the gourmand (around neck)
 o - a cursed ring of attention (left hand)
Wands
 p - a wand of iceblast (11)
Scrolls
 d - 2 scrolls of remove curse {unknown}
 g - 2 scrolls of amnesia {unknown}
 i - a scroll of identify {unknown}
Comestibles
 c - 2 rations


   Skills:
 + Level 3.5 Fighting
 + Level 3.5 Long Blades
 + Level 2.2 Armour
 + Level 1.0 Dodging
 + Level 1.1 Stealth


You had 3 spell levels left.
You didn't know any spells.
Your spell library was empty.

Dungeon Overview and Level Annotations

Branches:
Dungeon (2/15)

Altars:
Xom


Innate Abilities, Weirdness & Mutations

You are partially covered in large bone plates. (SH +4)
When hurt, damage is shared between your health and your magic reserves.


Message History

Unknown command.
The helpless salamander fails to defend itself.
You hit the salamander.
The salamander is moderately wounded.
The helpless salamander fails to defend itself.
You hit the salamander but do no damage.
Nothing appears to happen.
The salamander is moderately wounded.
The helpless salamander fails to defend itself.
You hit the salamander. You freeze the salamander.
The salamander is moderately wounded.
The salamander is no longer paralysed.
You block the salamander's attack.
You hit the salamander. You freeze the salamander.
The salamander is moderately wounded.
The salamander hits you.
* * * LOW HITPOINT WARNING * * *
You are engulfed in flames!!
The fire burns you terribly!
Ouch! That really hurt!
You die...
Xom howls with laughter!

..# ##.#.######.###.# #.######
##..######...†.#
#.##...####..........#..#
#.##....................#
###.##...####.#########.#.#
((.............§§§........#######
..#)#.#.########.######..........
........# #.# ##########.
..#^#.### #@# #. ......# #N# #.
###.### #§# #. #.# #.# #. ..# #.#
#. ### ... #. #.# #.# ..#


You could see a salamander shaped shifter.

Vanquished Creatures
  A gnoll (D:1)
  An ooze (D:1)
  A worm (D:2)
  A dart slug (D:1)
  3 leopard geckos
  3 giant cockroaches (D:1)
  4 goblins
  2 hobgoblins (D:1)
  2 jackals (D:1)
  11 kobolds
  4 bats
  3 frilled lizards (D:1)
  9 rats
  A plant (D:1)
46 creatures vanquished.

Notes
Turn   | Place    | Note
-------+----------+-------------------------------------------
     0 | D:1      | Sondor the Demonspawn Chaos Knight began the quest for the
                  | Orb.
     0 | D:1      | Reached XP level 1. HP: 18/18 MP: 1/1
   342 | D:1      | XOM: harmless Hex miscast
   347 | D:1      | XOM: potion effect (curing)
   349 | D:1      | Gained mutation: You are partially covered in large bone
                  | plates. (SH +4) [demonic ancestry]
   349 | D:1      | Reached XP level 2. HP: 24/24 MP: 2/2
   356 | D:1      | Reached skill level 1 in Dodging
   413 | D:1      | Gained mutation: When hurt, damage is shared between your
                  | health and your magic reserves. [demonic ancestry]
   413 | D:1      | Reached XP level 3. HP: 14/29 MP: 3/3
   455 | D:1      | XOM: divination: detect items
  1314 | D:1      | Reached skill level 1 in Stealth
  1468 | D:2      | XOM: smoke on damage
  1490 | D:2      | XOM: scenery: create altars
  1560 | D:2      | Reached XP level 4. HP: 27/35 MP: 4/4
  1597 | D:2      | Noticed a glowing shapeshifter
  1597 | D:2      | a rat changed into a glowing shapeshifter
  1597 | D:2      | XOM: polymorph rat -> glowing shapeshifter
  1597 | D:2      | Noticed a merfolk
  1597 | D:2      | a glowing shapeshifter changed into a merfolk
  1602 | D:2      | Noticed a water nymph
  1602 | D:2      | a merfolk changed into a water nymph
  1603 | D:2      | Noticed a redback
  1603 | D:2      | a water nymph changed into a redback
  1608 | D:2      | XOM: summons friendly quasit
  1608 | D:2      | Noticed a water nymph
  1608 | D:2      | a redback changed into a water nymph
  1615 | D:2      | XOM: potion effect (agility)
  1617 | D:2      | XOM: fog
  1618 | D:2      | Noticed a torpor snail
  1618 | D:2      | a water nymph changed into a torpor snail
  1621 | D:2      | Noticed a floating eye
  1621 | D:2      | a torpor snail changed into a floating eye
  1621 | D:2      | Noticed a salamander
  1621 | D:2      | a floating eye changed into a salamander
  1632 | D:2      | Demolished by a salamander (glowing shapeshifter)

Skill      XL: |  1  2  3 |
---------------+----------+-----
Long Blades    | 3 |  3.5
Armour         | 2 |  2.2
Dodging        | 1 |  1.0
Stealth        | 1 |  1.1
Fighting       | |  3.5

Action                   |  1- 3 |  4- 6 || total
-------------------------+-------+-------++-------
Melee: Falchion          |   130 |    13 ||   143
Evoke: Wand              |       |     1 ||     1
  Use: Potion            |       |     6 ||     6
 Stab: Paralysed         |     3 |     3 ||     6
       Confused          |     1 |       ||     1
       Sleeping          |     1 |       ||     1
  Eat: Ration            |     1 |       ||     1
Armor: Leather armour    |    41 |     1 ||    42
Dodge: Dodged            |    81 |     3 ||    84
Block: Other             |    26 |     3 ||    29
       Rpst.: Falchion   |    23 |       ||    23
